 Dungeon Crawl Stone Soup version 0.28-a0-1347-g113dc556a4 (webtiles) character file.

Game seed: 10287508843255467234

129369 Crownlay the Dancer (level 17, -1/140 HPs)
             Began as a Gnoll Ice Elementalist on Dec 29, 2021.
             Was a Follower of Uskayaw.
             Killed by the raging water
             ... invoked by a water nymph
              (11 damage)
             ... on level 1 of the Shoals.
             The game lasted 01:54:59 (36127 turns).

Crownlay the Dancer (Gnoll Ice Elementalist)       Turns: 36127, Time: 01:55:00

Health: -1/140     AC: 18    Str: 13    XL:     17   Next: 5%
Magic:  39/42      EV: 18    Int: 19    God:    Uskayaw [*.....]
Gold:   166        SH: 14    Dex: 16    Spells: 12/40 levels left

rFire   + + .      SeeInvis .   L - +11 spear of Shrieking Terror {vorpal, rC+}
rCold   + + +      Faith    .   I - +2 shield of Resistance {rF++ rC++ Will++}
rNeg    + . .      Spirit   .   H - +2 robe {Will+}
rPois   +          Reflect  .   X - +1 helmet "Segih" {+Inv rPois Stlth+}
rElec   .          Harm     .   U - +2 ratskin cloak {*Rats rPois rN+ Str-1 Int-1 Dex+1}
rCorr   .          Rampage  .   j - +0 pair of gloves
Will    ++++.                   b - +4 pair of boots of Parts Unknown {rC+ Slay+3}
Stlth   ++++++....              (no amulet)
HPRegen 0.33/turn               R - ring "Buli Hyi" {rPois MP+9 Str+6}
MPRegen 0.28/turn               t - ring of flight

@: about to teleport, flying, studying 3 skills
A: fangs 1, strong nose, distributed training
a: Renounce Religion, Evoke Invisibility, Stomp


You were on level 1 of the Shoals.
You worshipped Uskayaw.
Uskayaw was pleased with you.
You visited 5 branches of the dungeon, and saw 26 of its levels.
You visited 1 bazaar.
You also visited: Sewer, Bailey, Gauntlet and Volcano.

You collected 2776 gold pieces.
You spent 2610 gold pieces at shops.

Inventory:

Hand Weapons
 y - a +4 dagger of electrocution
 L - the +11 spear of Shrieking Terror (weapon) {vorpal, rC+}
   (You found it on level 12 of the Dungeon)

   It inflicts extra damage upon your enemies.
   rC:        It protects you from cold.
Missiles
 A - 6 silver javelins (quivered)
Armour
 b - the +4 pair of boots of Parts Unknown (worn) {rC+ Slay+3}
   (You found it on level 5 of the Dungeon)

   Slay:      It affects your accuracy & damage with ranged weapons and melee
   (+3).
   rC:        It protects you from cold.
 j - a +0 pair of gloves (worn)
 E - a +2 robe of resistance
 H - a +2 robe of willpower (worn)
 I - the +2 shield of Resistance (worn) {rF++ rC++ Will++}
   (You bought it in a shop on level 2 of the Orcish Mines)

   rF:        It greatly protects you from fire.
   rC:        It greatly protects you from cold.
   Will:      It greatly increases your willpower.
 U - the +2 ratskin cloak (worn) {*Rats rPois rN+ Str-1 Int-1 Dex+1}
   (You found it in a Gauntlet)

   When the wearer is hurt, rats may emerge from it to assist them.
   Str:       It affects your strength (-1).
   Int:       It affects your intelligence (-1).
   Dex:       It affects your dexterity (+1).
   rPois:     It protects you from poison.
   rN:        It protects you from negative energy.
 X - the +1 helmet "Segih" (worn) {+Inv rPois Stlth+}
   (You found it on level 15 of the Dungeon)

   rPois:     It protects you from poison.
   +Inv:      It lets you turn invisible.
   Stlth:     It makes you more stealthy.
Magical Staves
 i - a staff of earth
 s - a staff of conjuration
 F - a staff of air
 N - a staff of cold
 V - a staff of fire
Jewellery
 t - a ring of flight (right hand)
 x - a ring of see invisible
 R - the ring "Buli Hyi" (left hand) {rPois MP+9 Str+6}
   (You found it in a Gauntlet)

   [ring of magical power]

   Str:       It affects your strength (+6).
   rPois:     It protects you from poison.
   MP:        It affects your magic capacity (+9).
 W - a ring of protection from fire
Wands
 c - a wand of iceblast (4)
 h - a wand of digging (6)
 k - a wand of flame (44)
 C - a wand of paralysis (13)
 D - a wand of charming (5)
 J - a wand of polymorph (14)
Scrolls
 l - a scroll of magic mapping
 p - 6 scrolls of fog
 v - 2 scrolls of blinking
 w - 3 scrolls of amnesia
 B - 7 scrolls of teleportation
 G - 3 scrolls of holy word
 K - 2 scrolls of fear
 M - a scroll of brand weapon
 P - 2 scrolls of summoning
Potions
 d - 8 potions of flight
 e - 5 potions of brilliance
 f - a potion of heal wounds
 m - 3 potions of mutation
 n - a potion of cancellation
 o - 13 potions of curing
 q - a potion of invisibility
 r - 5 potions of might
 u - 2 potions of resistance
 z - 4 potions of haste
 O - a potion of berserk rage
 Q - a potion of magic
Miscellaneous
 g - a lightning rod (4/4)


   Skills:
 + Level 14.4 Fighting
 + Level 11.3 Short Blades
 + Level 11.3 Long Blades
 + Level 11.3 Axes
 + Level 11.3 Maces & Flails
 + Level 11.3 Polearms
 + Level 11.3 Staves
 + Level 14.3 Slings
 + Level 11.3 Bows
 + Level 11.3 Crossbows
 + Level 11.3 Throwing
 + Level 11.3 Armour
 + Level 12.2 Dodging
 + Level 12.1 Stealth
 + Level 11.3 Shields
 + Level 11.3 Unarmed Combat
 + Level 12.4 Spellcasting
 + Level 9.6 Conjurations
 + Level 9.6 Hexes
 + Level 9.6 Summonings
 + Level 9.6 Necromancy
 + Level 9.6 Translocations
 + Level 9.6 Transmutations
 + Level 9.6 Fire Magic
 + Level 11.9 Ice Magic
 + Level 9.6 Air Magic
 + Level 9.6 Earth Magic
 + Level 9.6 Poison Magic
 + Level 15.1 Invocations
 + Level 11.3 Evocations


You had 12 spell levels left.
You knew the following spells:

 Your Spells              Type           Power      Damage    Failure   Level
a - Freeze                Ice            100%       1d11      1%          1
b - Frozen Ramparts       Ice            100%       1d12      1%          3
c - Ozocubu's Armour      Ice            54%        N/A       1%          3
d - Wereblood             Tmut           48%        N/A       1%          2
e - Hailstorm             Conj/Ice       51%        3d11      1%          4
f - Flame Wave            Conj/Fire      48%        2d8       1%          4
g - Manifold Assault      Tloc           48%        N/A       4%          5
h - Starburst             Conj/Fire      24%        6d8       26%         6

Your spell library contained the following spells:

 Spells                   Type           Power      Damage    Failure   Level
 Beastly Appendage        Tmut           96%        N/A       1%          1
 Foxfire                  Conj/Fire      100%       2x1d9     1%          1
 Shock                    Conj/Air       100%       1d9       1%          1
 Summon Small Mammal      Summ           100%       N/A       1%          1
 Blink                    Tloc           96%        N/A       1%          2
 Call Canine Familiar     Summ           48%        N/A       1%          3
 Conjure Flame            Conj/Fire      48%        6-21      1%          3
 Dazzling Flash           Conj/Hex       96%        N/A       1%          3
 Inner Flame              Hex/Fire       48%        N/A       1%          3
 Lesser Beckoning         Tloc           48%        N/A       1%          3
 Spider Form              Tmut/Pois      48%        N/A       1%          3
 Summon Guardian Golem    Hex/Summ       48%        N/A       1%          3
 Swiftness                Air            48%        N/A       1%          3
 Airstrike                Air            24%        N/A       1%          4
 Leda's Liquefaction      Hex/Erth       24%        N/A       1%          4
 Olgreb's Toxic Radiance  Pois           48%        N/A       1%          4
 Summon Ice Beast         Ice/Summ       51%        N/A       1%          4
 Agony                    Necr           48%        N/A       4%          5
 Silence                  Hex/Air        24%        N/A       4%          5
 Summon Mana Viper        Hex/Summ       48%        N/A       4%          5
 Ozocubu's Refrigeration  Ice            27%        4d10      50%         7
 Monstrous Menagerie      Summ           24%        N/A       83%         7
 Storm Form               Tmut/Air       24%        N/A       83%         7
 Ignition                 Fire           24%        3d8       100%        8


Dungeon Overview and Level Annotations

Branches:
Dungeon (15/15)            Temple (1/1) D:6            Lair (6/6) D:9
 Shoals (1/4) Lair:4       Spider (0/4) Lair:2        Slime (0/5) Lair:6
    Orc (2/2) D:10            Elf (0/3) Orc:2        Vaults (0/5) D:13
 Depths (0/4) D:15          Sewer (visited)          Bailey (visited)
Volcano (visited)         Gauntlet (visited)

Altars:
Ashenzari
Cheibriados
Dithmenos
Elyvilon
Fedhas
Gozag
Hepliaklqana
Kikubaaqudgha
Makhleb
Nemelex Xobeh
Okawaru
Qazlal
Ru
Sif Muna
Trog
Uskayaw
Vehumet
Wu Jian
Xom
Yredelemnul
Zin
The Shining One
Beogh
Jiyva

Shops:
D:1 !   D:12 =(=[   Orc:2 ([*[[


Innate Abilities, Weirdness & Mutations

You have very sharp teeth.
Your uncanny sense of smell can sniff out nearby items.
Your experience applies equally to all skills.


Message History

The merfolk impaler hits you from afar with a +2 trident of protection!
The merfolk hits you from afar with a +0 spear!
The barbs in your skin will harm you if you move.
Continue?
The merfolk hits you from afar with a +0 spear!
* * * LOW HITPOINT WARNING * * *
The merfolk impaler hits you from afar with a +2 trident of protection!
* * * LOW HITPOINT WARNING * * *
The manticore completely misses you. The manticore misses you.
You block the manticore's attack. The wind drake barely misses you.
The water nymph is engulfed in a cloud of scalding steam.
You block the water nymph's attack.
The water nymph's watery aura covers the stone staircase leading up.
The merfolk hits you from afar with a +0 spear.
* * * LOW HITPOINT WARNING * * *
The merfolk impaler completely misses you.
The barbed spikes dig painfully into your body as you move.
* * * LOW HITPOINT WARNING * * *
You fly upwards.
There is a stone staircase leading down here.
You feel much better.
The wind drake exhales a fierce blast of wind!
You are blown backwards!
The manticore is blown away by the wind.
The water nymph's watery aura covers the stone staircase leading down.
Casting: Flame Wave (mildly dangerous; 1% risk of failure)
Confirm with . or Enter, or press ? or * to list all spells.
Okay, then.
Blink to where?
Press: ? - help, Dir - move target
As you read the scroll of blinking, it crumbles to dust.
You carefully extract the barbed spikes from your body.
Okay, then.
As you read the scroll of teleportation, it crumbles to dust.
You feel strangely unstable. The wind drake flaps its wings at you.
The air twists around and strikes you!!
* * * LOW HITPOINT WARNING * * *
The water nymph casts a spell at you. The water rises up and strikes you!
You die...

.≈≈≈≈≈≈≈≈≈≈≈≈...≈≈≈≈≈≈≈≈≈≈≈≈≈≈≈≈≈
....≈≈≈###≈≈≈≈≈≈≈P≈≈≈≈≈≈≈≈≈≈≈≈≈≈≈
....≈≈≈.##≈≈≈≈≈≈≈≈≈≈≈≈≈≈≈≈≈≈≈≈≈≈.
...≈≈≈≈.##.≈≈≈≈≈≈≈≈≈≈≈≈≈≈≈≈≈≈≈..#
...≈≈≈≈.P#P≈≈≈≈≈≈≈≈≈≈≈≈....≈≈≈≈..
.≈≈≈≈≈≈..P..P≈≈PPP≈..P).###..≈≈..
≈≈≈≈≈≈≈......≈≈≈≈≈≈###### ##.≈≈≈.
≈≈≈≈≈...###PP≈≈≈≈≈.# #.≈≈≈≈
≈≈≈≈≈≈..###..≈≈≈@.## ######.≈≈≈≈
≈≈≈≈....##...≈≈≈≈..# ##..#^.≈≈≈≈≈
≈≈≈..#####...###...###....≈≈≈≈≈≈≈
≈≈≈..# #....##.≈≈...≈≈≈≈≈≈≈≈≈≈≈
≈≈..## ##......≈≈≈≈kP≈≈≈≈≈≈≈≈≈≈≈
.≈≈.## #......≈≈≈≈≈m.≈H≈≈≈≈≈≈≈≈≈
≈≈...####.....≈≈≈....#...≈≈≈≈≈≈≈≈
≈≈.≈.....≈≈≈....≈≈.#####.H≈≈≈≈≈≈≈
≈≈≈≈....≈≈≈≈....≈≈.# ##.≈≈≈≈≈≈≈≈≈


You could see a wind drake (repels missiles), a manticore and a water nymph.

Vanquished Creatures
  Rupert (D:12)
  Gastronok (D:12)
  A frost giant (D:15)
  The ghost of Gearubrizxi the Severer, a journeyman DDFi of Makhleb (D:15)
  2 orc warlords
  A minotaur (Gauntlet)
  An ettin (D:15)
  A merfolk impaler (Shoals:1)
  Snorg (Lair:4)
  Harold (D:7)
  3 boulder beetles
  4 vault guards (D:13)
  3 catoblepae
  3 ogre magi
  6 centaur warriors
  2 merfolk avatars (Shoals:1)
  12 hydras
  A death knight (D:9)
  19 two-headed ogres
  2 death scarabs (Gauntlet)
  A merfolk aquamancer (Shoals:1)
  4 death yaks (Lair:6)
  An orc high priest (Orc:2)
  The ghost of SpImRoXx the Geomancer, a novice OpEE of Vehumet (D:10)
  Nergalle (D:11)
  A soul eater (Gauntlet)
  A skeletal warrior (D:10)
  A spectral catoblepas (Gauntlet)
  2 deep trolls (Orc:2)
  A spectral death yak (Gauntlet)
  4 sea snakes (Shoals:1)
  A spectral hydra (Gauntlet)
  3 wizards
  2 lindwurms
  7 harpies (Shoals:1)
  A necromancer (D:15)
  Pikel (D:7)
  2 orc knights (Bailey)
  4 ugly things
  An orc sorcerer (Orc:2)
  9 cyclopes
  3 elephants (Lair:3)
  6 manticores (Shoals:1)
  6 fauns (Shoals:1)
  2 naga magi (D:15)
  5 black mambas
  3 merfolk sirens (Shoals:1)
  Maggie (D:9)
  A water nymph (Shoals:1)
  2 gargoyles (Volcano)
  9 cane toads
  2 molten gargoyles
  A rime drake (Lair:4)
  A torpor snail (Lair:6)
  2 unseen horrors
  A rime drake (shapeshifter) (D:13)
  6 komodo dragons
  5 harpy zombies (Shoals:1)
  A merfolk (Shoals:1)
  16 trolls
  7 hornets
  3 polar bears
  13 blink frogs (Lair:6)
  Prince Ribbit (D:8)
  Grinder (D:6)
  6 dream sheep
  A spectral dream sheep (Gauntlet)
  18 slime creatures
  3 snapping turtles (Shoals:1)
  3 centaur simulacra
  A jumping spider (shapeshifter) (D:14)
  2 jumping spiders (Lair:2)
  A vampire (D:10)
  3 wyverns
  13 spriggans (Lair:6)
  3 wraiths
  6 water elementals (Shoals:1)
  2 basilisks
  49 yaks
  7 humans (D:13)
  A fire elemental (Volcano)
  3 steam dragons
  5 redbacks (Lair:2)
  7 vampire mosquitoes
  Edmund (D:4)
  4 wargs
  2 acid dragons
  Menkaure (D:7)
  12 water moccasins
  2 ice beasts (D:7)
  5 sky beasts
  26 orc warriors
  2 manticore zombies (Shoals:1)
  A necrophage (D:6)
  7 black bears
  24 ogres
  3 boggarts (Lair:6)
  44 wolves
  8 centaurs
  2 lemures (D:7)
  4 kobold brigands
  10 bullfrogs
  3 gnoll sergeants
  A wyvern zombie (D:5)
  2 scorpions
  A water moccasin zombie (D:5)
  10 wights (D:8)
  A killer bee (D:10)
  An electric eel (Lair:3)
  4 howler monkeys
  3 bullfrog zombies (D:4)
  4 centaur zombies
  4 hounds
  2 jellies
  3 centaur skeletons
  19 orc priests
  A gnoll shaman (D:7)
  A bullfrog skeleton (D:5)
  Natasha (thrice) (D:2)
  28 orc wizards
  4 iguanas
  A scorpion zombie (D:4)
  2 killer bee zombies
  2 hound zombies (D:4)
  A hound skeleton (D:4)
  2 howler monkey zombies
  4 adders
  26 gnolls
  3 river rats
  6 shadow imps
  2 white imps
  An adder zombie (D:4)
  2 adder skeletons (D:4)
  3 worms
  A dart slug (D:5)
  120 orcs
  10 endoplasms
  4 giant cockroaches
  6 hobgoblins
  A jackal (Sewer)
  3 quokkas
  7 ball pythons
  7 bats
  6 frilled lizards
  9 goblins
  A jackal zombie (D:4)
  18 kobolds
  6 rats
854 creatures vanquished.

Vanquished Creatures (collateral kills)
  A boulder beetle (D:15)
  An ugly thing (D:15)
  2 slime creatures (D:15)
  A jumping spider (Lair:2)
5 creatures vanquished.

Vanquished Creatures (others)
  A deep elf zephyrmancer (D:15)
  A snapping turtle (Shoals:1)
  A dream sheep (Shoals:1)
  A human (D:13)
  An orc wizard (D:10)
  7 bushes (D:4)
  49 fungi
  61 plants
  11 withered plants
133 creatures vanquished.

Grand Total: 992 creatures vanquished

Notes
Turn   | Place    | Note
-------+----------+-------------------------------------------
     0 | D:1      | Crownlay the Gnoll Ice Elementalist began the quest for the
                  | Orb.
     0 | D:1      | Reached XP level 1. HP: 13/13 MP: 6/6
   376 | D:1      | Reached XP level 2. HP: 19/19 MP: 5/7
   497 | D:1      | Found Wurch's Distillery.
  1113 | D:2      | Noticed Natasha
  1118 | D:2      | Killed Natasha
  1119 | D:2      | Reached skill level 5 in Spellcasting
  1119 | D:2      | Reached skill level 1 in Invocations
  1119 | D:2      | Reached XP level 3. HP: 25/25 MP: 4/9
  1123 | D:2      | Learned a level 3 spell: Frozen Ramparts
  1127 | D:2      | Learned a level 3 spell: Ozocubu's Armour
  1331 | D:2      | Noticed Natasha
  1335 | D:2      | Killed Natasha
  1336 | D:2      | Reached skill level 1 in Fighting
  1336 | D:2      | Reached skill level 1 in Short Blades
  1336 | D:2      | Reached skill level 1 in Long Blades
  1336 | D:2      | Reached skill level 1 in Axes
  1336 | D:2      | Reached skill level 1 in Maces & Flails
  1336 | D:2      | Reached skill level 1 in Polearms
  1336 | D:2      | Reached skill level 1 in Staves
  1336 | D:2      | Reached skill level 1 in Slings
  1336 | D:2      | Reached skill level 1 in Bows
  1336 | D:2      | Reached skill level 1 in Crossbows
  1336 | D:2      | Reached skill level 1 in Throwing
  1336 | D:2      | Reached skill level 1 in Armour
  1336 | D:2      | Reached skill level 1 in Shields
  1336 | D:2      | Reached skill level 1 in Unarmed Combat
  1336 | D:2      | Reached skill level 1 in Evocations
  1336 | D:2      | Reached XP level 4. HP: 32/32 MP: 8/11
  1542 | D:2      | Noticed Natasha
  1553 | D:2      | Killed Natasha
  1554 | D:2      | Reached skill level 1 in Conjurations
  1554 | D:2      | Reached skill level 1 in Hexes
  1554 | D:2      | Reached skill level 1 in Summonings
  1554 | D:2      | Reached skill level 1 in Necromancy
  1554 | D:2      | Reached skill level 1 in Translocations
  1554 | D:2      | Reached skill level 1 in Transmutations
  1554 | D:2      | Reached skill level 1 in Fire Magic
  1554 | D:2      | Reached skill level 1 in Air Magic
  1554 | D:2      | Reached skill level 1 in Earth Magic
  1554 | D:2      | Reached skill level 1 in Poison Magic
  1945 | D:2      | Identified the +1 ring mail of Sin {rPois}
  1970 | D:2      | Reached XP level 5. HP: 27/37 MP: 12/12
  2963 | D:4      | Reached skill level 2 in Invocations
  2963 | D:4      | Reached XP level 6. HP: 15/44 MP: 13/13
  3103 | D:4      | Reached skill level 5 in Dodging
  3136 | D:4      | Reached XP level 7. HP: 5/50 MP: 8/15
  3639 | D:4      | Reached skill level 5 in Stealth
  3642 | D:4      | Reached skill level 3 in Invocations
  3871 | D:4      | Noticed Edmund
  3886 | D:4      | Killed Edmund
  3887 | D:4      | Reached XP level 8. HP: 16/57 MP: 6/16
  4947 | D:5      | Entered Level 5 of the Dungeon
  5199 | D:5      | Found a glowing drain.
  5208 | Sewer    | Entered a sewer
  5389 | Sewer    | HP: 2/58 [poisoned by a kobold brigand (curare-tipped
                  | dart)]
  5395 | Sewer    | Reached skill level 4 in Invocations
  5663 | Sewer    | Found a white marble altar of Elyvilon.
  5854 | D:5      | Found a snail-covered altar of Cheibriados.
  5858 | D:5      | Found a white marble altar of Elyvilon.
  6023 | D:5      | Found an ancient bone altar of Kikubaaqudgha.
  6047 | D:5      | Reached XP level 9. HP: 52/65 MP: 11/18
  6149 | D:5      | Identified the +4 pair of boots of Parts Unknown {rC+
                  | Slay+3}
  6941 | D:6      | Found a staircase to the Ecumenical Temple.
  6991 | Temple   | Entered the Ecumenical Temple
  7363 | D:6      | Noticed Grinder
  7367 | D:6      | Paralysed by Grinder for 6 turns
  7380 | D:6      | Killed Grinder
  8316 | D:7      | Noticed Harold
  8326 | D:7      | Killed Harold
  8327 | D:7      | Reached skill level 5 in Invocations
  8327 | D:7      | Reached XP level 10. HP: 73/73 MP: 14/20
  8505 | Temple   | Became a worshipper of Uskayaw the Reveller
  8591 | D:7      | Reached * piety under Uskayaw
  8592 | D:7      | Reached skill level 5 in Fighting
  8592 | D:7      | Reached skill level 5 in Short Blades
  8592 | D:7      | Reached skill level 5 in Long Blades
  8592 | D:7      | Reached skill level 5 in Axes
  8592 | D:7      | Reached skill level 5 in Maces & Flails
  8592 | D:7      | Reached skill level 5 in Polearms
  8592 | D:7      | Reached skill level 5 in Staves
  8592 | D:7      | Reached skill level 5 in Slings
  8592 | D:7      | Reached skill level 5 in Bows
  8592 | D:7      | Reached skill level 5 in Crossbows
  8592 | D:7      | Reached skill level 5 in Throwing
  8592 | D:7      | Reached skill level 5 in Armour
  8592 | D:7      | Reached skill level 5 in Shields
  8592 | D:7      | Reached skill level 5 in Unarmed Combat
  8592 | D:7      | Reached skill level 5 in Evocations
  8600 | D:7      | Noticed Menkaure
  8606 | D:7      | Reached ** piety under Uskayaw
  8609 | D:7      | Reached *** piety under Uskayaw
  8610 | D:7      | Killed Menkaure
  8611 | D:7      | Reached **** piety under Uskayaw
  8613 | D:7      | Reached ***** piety under Uskayaw
  8691 | D:7      | Noticed Pikel
  8702 | D:7      | Killed Pikel
  9340 | D:8      | Found a glowing silver altar of Zin.
  9343 | D:8      | Found a flagged portal.
  9385 | Bailey   | Entered a bailey
  9468 | Bailey   | Noticed an orc knight
  9468 | Bailey   | Noticed an orc knight
  9664 | Bailey   | Killed an orc knight
  9665 | Bailey   | Reached skill level 6 in Invocations
  9696 | Bailey   | Killed an orc knight
 10407 | D:8      | Found a hazy altar of Hepliaklqana.
 10411 | D:8      | Noticed Prince Ribbit
 10434 | D:8      | Killed Prince Ribbit
 10492 | D:8      | Reached XP level 11. HP: 81/81 MP: 22/22
 11209 | D:8      | Found a broken altar of Ashenzari.
 11259 | D:8      | Reached skill level 5 in Conjurations
 11259 | D:8      | Reached skill level 5 in Hexes
 11259 | D:8      | Reached skill level 5 in Summonings
 11259 | D:8      | Reached skill level 5 in Necromancy
 11259 | D:8      | Reached skill level 5 in Translocations
 11259 | D:8      | Reached skill level 5 in Transmutations
 11259 | D:8      | Reached skill level 5 in Fire Magic
 11259 | D:8      | Reached skill level 5 in Air Magic
 11259 | D:8      | Reached skill level 5 in Earth Magic
 11259 | D:8      | Reached skill level 5 in Poison Magic
 11950 | D:9      | Noticed Maggie
 11972 | D:9      | Killed Maggie
 12245 | D:9      | Found a staircase to the Lair.
 12363 | D:9      | Noticed a seven-headed hydra
 12364 | D:9      | Noticed a red ugly thing
 12375 | D:9      | Killed a red ugly thing
 12383 | D:9      | Killed a seven-headed hydra
 12384 | D:9      | Reached skill level 7 in Invocations
 12637 | D:9      | Noticed a death knight
 12637 | D:9      | Noticed a two-headed ogre
 12653 | D:9      | Killed a death knight
 12654 | D:9      | Killed a two-headed ogre
 12875 | D:9      | Noticed a boulder beetle
 12876 | D:9      | Noticed a two-headed ogre
 12882 | D:9      | Killed a boulder beetle
 12884 | D:9      | Killed a two-headed ogre
 13248 | D:9      | Noticed a centaur warrior
 13263 | D:9      | Killed a centaur warrior
 13897 | D:10     | Entered Level 10 of the Dungeon
 13897 | D:10     | Noticed a skeletal warrior
 13970 | D:10     | Reached XP level 12. HP: 88/89 MP: 18/24
 14206 | D:10     | Found a staircase to the Orcish Mines.
 14222 | D:10     | Found a runed translucent gate.
 14222 | D:10     | Found a runed translucent gate.
 14222 | D:10     | Found a runed translucent gate.
 14223 | D:10     | Noticed SpImRoXx's ghost (novice OpEE)
 14224 | D:10     | Noticed a two-headed ogre
 14224 | D:10     | Noticed a two-headed ogre
 14772 | D:10     | Found a blossoming altar of Fedhas.
 15175 | Lair:1   | Entered Level 1 of the Lair of Beasts
 15218 | Lair:1   | Reached ****** piety under Uskayaw
 15419 | Lair:1   | Found a gate leading to a gauntlet.
 15431 | Gauntlet | Entered a Gauntlet
 15431 | Gauntlet | Found a transporter.
 15431 | Gauntlet | Found a transporter.
 15435 | Gauntlet | Found a transporter.
 15448 | Gauntlet | Found a large runed translucent door.
 15457 | Gauntlet | Found a transporter.
 15463 | Gauntlet | Noticed a death scarab
 15465 | Gauntlet | Found a transporter.
 15467 | Gauntlet | Found a transporter.
 15473 | Gauntlet | Found a transporter.
 15481 | Gauntlet | Found a transporter.
 15481 | Gauntlet | Noticed a death scarab
 15481 | Gauntlet | Noticed a green death
 15509 | Gauntlet | Found a transporter.
 15518 | Gauntlet | Found a transporter.
 15527 | Gauntlet | Found a transporter.
 15537 | Gauntlet | Noticed a soul eater
 15572 | Gauntlet | Found a transporter.
 15594 | Gauntlet | Found a transporter.
 15679 | Gauntlet | Found a transporter.
 15689 | Gauntlet | Found a transporter.
 15691 | Gauntlet | Found a large runed translucent door.
 15691 | Gauntlet | Found a large runed translucent door.
 15692 | Gauntlet | Found a large runed translucent door.
 15692 | Gauntlet | Found a large runed translucent door.
 15693 | Gauntlet | Found a runed translucent door.
 15693 | Gauntlet | Found a large runed translucent door.
 15693 | Gauntlet | Found a runed translucent door.
 15693 | Gauntlet | Found a large runed translucent door.
 15693 | Gauntlet | Found a large runed translucent door.
 15694 | Gauntlet | Found a large runed translucent door.
 15694 | Gauntlet | Found a large runed translucent door.
 15697 | Gauntlet | Found a large runed translucent door.
 15697 | Gauntlet | Found a large runed translucent door.
 15699 | Gauntlet | Found a large runed translucent door.
 15699 | Gauntlet | Found a large runed translucent door.
 15699 | Gauntlet | Found a large runed translucent door.
 15701 | Gauntlet | Found a runed translucent gate.
 15701 | Gauntlet | Found a runed translucent gate.
 15701 | Gauntlet | Found a runed translucent gate.
 15703 | Gauntlet | Found a transporter.
 15714 | Gauntlet | Found a large runed translucent door.
 16049 | Gauntlet | Killed a soul eater
 16050 | Gauntlet | Reached skill level 8 in Invocations
 16225 | Gauntlet | Identified the ring "Buli Hyi" {rPois MP+9 Str+6}
 16327 | Gauntlet | Killed a death scarab
 16345 | Gauntlet | Killed a death scarab
 16391 | Gauntlet | HP: 4/87 [spectral seven-headed hydra (1)]
 16642 | Gauntlet | Identified the -2 hat of Circular Logic {Fly Int-5 SInv
                  | Stlth+}
 16720 | Gauntlet | Noticed a minotaur
 16731 | Gauntlet | Killed a minotaur
 16732 | Gauntlet | Found the +2 ratskin cloak {*Rats rPois rN+ Str-1 Int-1
                  | Dex+1}
 17493 | Lair:2   | Found a hole to the Spider Nest.
 17777 | Lair:2   | Noticed a catoblepas
 17787 | Lair:2   | Killed a catoblepas
 17788 | Lair:2   | Reached XP level 13. HP: 99/100 MP: 26/26
 17920 | Lair:2   | Reached skill level 9 in Invocations
 18976 | Lair:3   | Reached skill level 10 in Ice Magic
 19882 | Lair:4   | Reached skill level 10 in Invocations
 19902 | Lair:4   | Noticed Snorg
 19905 | Lair:4   | Reached skill level 10 in Fighting
 19909 | Lair:4   | Found a staircase to the Shoals.
 19915 | Lair:4   | Killed Snorg
 19916 | Lair:4   | Reached skill level 10 in Spellcasting
 19919 | Lair:4   | Reached skill level 10 in Slings
 20288 | Lair:4   | Identified the +8 long sword "Goblinbane" {speed, Dex+3}
 20903 | Lair:5   | Reached skill level 10 in Dodging
 20907 | Lair:5   | Reached XP level 14. HP: 111/111 MP: 28/28
 21459 | Lair:6   | Entered Level 6 of the Lair of Beasts
 21712 | Lair:6   | Reached skill level 11 in Invocations
 21716 | Lair:6   | Reached skill level 10 in Stealth
 22377 | Lair:6   | Learned a level 2 spell: Wereblood
 23581 | Lair:6   | Identified the +0 rapier of Wegit {vorpal, rF+ Will+}
 23584 | Lair:6   | Identified the +3 leather armour of the Forest {Rampage
                  | rN+}
 24153 | Lair:6   | Found a viscous altar of Jiyva.
 24153 | Lair:6   | Found a staircase to the Slime Pits.
 24412 | Lair:6   | Reached skill level 12 in Invocations
 24545 | Lair:6   | Learned a level 4 spell: Hailstorm
 24732 | Orc:1    | Entered Level 1 of the Orcish Mines
 24824 | Orc:1    | Found a dark tunnel.
 24865 | Volcano  | Entered a volcano
 25657 | Orc:2    | Entered Level 2 of the Orcish Mines
 25657 | Orc:2    | Found Istuinof's Weapon Shop.
 25790 | Orc:2    | Reached XP level 15. HP: 92/120 MP: 29/29
 25866 | Orc:2    | Paralysed by an orc sorcerer for 7 turns
 25934 | Orc:2    | Found Exuwolyo's Antique Armour Boutique.
 25967 | Orc:2    | Reached skill level 10 in Short Blades
 25967 | Orc:2    | Reached skill level 10 in Long Blades
 25967 | Orc:2    | Reached skill level 10 in Axes
 25967 | Orc:2    | Reached skill level 10 in Maces & Flails
 25967 | Orc:2    | Reached skill level 10 in Polearms
 25967 | Orc:2    | Reached skill level 10 in Staves
 25967 | Orc:2    | Reached skill level 10 in Bows
 25967 | Orc:2    | Reached skill level 10 in Crossbows
 25967 | Orc:2    | Reached skill level 10 in Throwing
 25967 | Orc:2    | Reached skill level 10 in Armour
 25967 | Orc:2    | Reached skill level 10 in Shields
 25967 | Orc:2    | Reached skill level 10 in Unarmed Combat
 25967 | Orc:2    | Reached skill level 10 in Evocations
 26190 | Orc:2    | Found Uresh's Antique Armour Boutique.
 26191 | Orc:2    | Found Wurphogif's Antique Armour Shoppe.
 26211 | Orc:2    | Found Tantodgh's General Store.
 26214 | Orc:2    | Bought the +2 shield of Resistance {rF++ rC++ Will++} for
                  | 1687 gold pieces
 26214 | Orc:2    | Found the +2 shield of Resistance {rF++ rC++ Will++}
 26239 | Orc:2    | Bought a scroll of magic mapping for 49 gold pieces
 26239 | Orc:2    | Bought a scroll of noise for 14 gold pieces
 26435 | Orc:2    | Noticed an orc warlord
 26452 | Orc:2    | Killed an orc warlord
 26566 | Orc:2    | Found a staircase to the Elven Halls.
 26756 | Orc:1    | Noticed an orc warlord
 26774 | Orc:1    | Killed an orc warlord
 26775 | Orc:1    | Reached skill level 13 in Invocations
 27109 | Orc:2    | Bought a scroll of identify for 28 gold pieces
 27109 | Orc:2    | Bought a scroll of identify for 28 gold pieces
 27359 | D:10     | Killed SpImRoXx's ghost
 28108 | D:11     | Noticed Nergalle
 28114 | D:11     | Killed Nergalle
 28571 | D:12     | Noticed Rupert
 28581 | D:12     | Killed Rupert
 28720 | D:12     | Found Qigrokhlit's Jewellery Shoppe.
 28722 | D:12     | Found Xaferchi's Armour Shoppe.
 28722 | D:12     | Found Wumiphi's Jewellery Shoppe.
 28730 | D:12     | Found Suakhlone's Antique Weapon Shoppe.
 28922 | D:12     | Noticed Gastronok
 28939 | D:12     | Killed Gastronok
 28974 | D:12     | Identified the +11 spear of Shrieking Terror {vorpal, rC+}
 30067 | D:13     | Found a gate to the Vaults.
 30314 | D:14     | Reached XP level 16. HP: 104/130 MP: 31/31
 31569 | D:15     | Entered Level 15 of the Dungeon
 31590 | D:15     | Reached skill level 14 in Invocations
 32463 | D:15     | Found a transporter.
 32464 | D:15     | Noticed Gearubrizxi's ghost (journeyman DDFi)
 32465 | D:15     | Identified the +6 great mace "Kihuqusa" {protect, Dex+3}
 32524 | D:15     | Found a stormy altar of Qazlal.
 32622 | D:15     | Found a staircase to the Depths.
 32805 | D:15     | Found a transporter.
 32837 | D:15     | Killed Gearubrizxi's ghost
 33011 | D:15     | Identified the +1 helmet "Segih" {+Inv rPois Stlth+}
 33333 | Shoals:1 | Entered Level 1 of the Shoals
 33352 | Shoals:1 | Found a flickering gateway to a bazaar.
 33364 | Bazaar   | Entered a bazaar
 33364 | Bazaar   | Found Rytizatiso's Magic Scroll Boutique.
 33364 | Bazaar   | Found Uluschug's Book Emporium.
 33364 | Bazaar   | Found Botiupos's Weapon Emporium.
 33468 | Bazaar   | Found Joed Fesk's Book Shoppe.
 33468 | Bazaar   | Found Pewiud's Armour Shoppe.
 33510 | Bazaar   | Bought a scroll of identify for 22 gold pieces
 33510 | Bazaar   | Bought a scroll of identify for 22 gold pieces
 33529 | Bazaar   | Bought the Unrestrained Analects for 440 gold pieces
 33625 | Bazaar   | Bought Dicu's Volume of the Blistering Mountains for 320
                  | gold pieces
 33630 | Bazaar   | Learned a level 4 spell: Flame Wave
 34795 | Shoals:1 | Reached skill level 15 in Invocations
 35169 | Shoals:1 | Learned a level 5 spell: Manifold Assault
 35206 | Shoals:1 | Reached XP level 17. HP: 140/140 MP: 33/33
 36114 | Shoals:1 | Learned a level 6 spell: Starburst
 36127 | Shoals:1 | Killed from afar by a water nymph

Illustrated notes

Levels and vault maps discovered:
D:1:      dpeg_arrival_water_fire, layout_basic, serial_shops,
          nicolae_shop_statue_plus
D:2:      layout_loops_corners, minmay_tripent, uniq_natasha
D:3:      layout_rooms
D:4:      layout_basic, serial_undead, serial_undead_f, serial_undead_b,
          serial_undead_b, serial_undead_e, minmay_hedge_maze, grunt_tough_drop,
          uniq_edmund
D:5:      layout_rooms, nicolae_kikubaaqudgha_miasma_corner,
          grunt_temple_overflow_open, cheibrodos_sewer_entry_sluice
D:6:      layout_layer_cave, minmay_temple_entry_purple_smoke,
          roderic_lattice_a, uniq_grinder
D:7:      layout_loops_ring, kennysheep_generic_room_13, uniq_pikel,
          uniq_menkaure, uniq_harold
D:8:      layout_layer_cave, zin_treasury, lemuel_doored_altar,
          mainiacjoe_overflow_catwalk, enter_bailey_5, uniq_prince_ribbit1
D:9:      minmay_tri_box, layout_basic, lair_entry_dummy, uniq_maggie
D:10:     layout_gridville, fedhas_altar_fruit_tree, david_orc_2,
          gammafunk_ghost_split, minmay_stone_trees_small, hangedman_misty_isle
D:11:     layout_roguey, uniq_nergalle
D:12:     layout_long_grid, minmay_shop_grid_forest, uniq_gastronok, uniq_rupert
D:13:     cheibrodos_quadrivalence, layout_basic, ximxim_vaults_locker_room
D:14:     layout_loops_ring, chequers_serial_rivers_small_b
D:15:     grunt_enter_depths_magical_seal, layout_rooms, gammafunk_ghost_smash,
          nicolae_qazlal_style_of_elements
Temple:   bh_familiar_temple
Lair:1:   layout_misc_corridors, gauntlet_entry_generic,
          chequers_serial_rivers_large_a
Lair:2:   layout_loops_ring, nicolae_spider_entry_tight_spaces, minivault_11
Lair:3:   layout_gridlike
Lair:4:   layout_roguey, shoals_dummy_entry, uniq_snorg
Lair:5:   layout_hall_layers
Lair:6:   minmay_lair_end_enchanted_forest, layout_layer_cave,
          dpeg_slime_entry_enclosed_altar, st_stairs_13,
          infiniplex_staircase_pool, lemuel_fruit_fields
Shoals:1: layout_shoals, serial_shops, bzr_entry_water,
          nicolae_shoals_undead_eyrie
Shoals:2: cheibrodos_shoals_epimethial_gifts, layout_shoals
Orc:1:    layout_diamond_mine, nicolae_volcano_entry_vermiform
Orc:2:    st_orc_open, layout_caves, serial_shops, nicolae_shop_hallway_stairs,
          basic_altar

Skill      XL: |  1  2  3  4  5  6  7  8  9 10 11 12 13 14 15 16 |
---------------+-------------------------------------------------+-----
Spellcasting   | 5 6 7 8 9 10 11 12 | 12.4
Invocations    | 1 2 3 4 5 6 7 8 10 12 13 15 | 15.1
Fighting       | 1 2 3 4 5 6 8 10 11 13 14 | 14.4
Short Blades   | 1 2 3 4 5 6 7 8 9 10 11 | 11.3
Long Blades    | 1 2 3 4 5 6 7 8 9 10 11 | 11.3
Axes           | 1 2 3 4 5 6 7 8 9 10 11 | 11.3
Maces & Flails | 1 2 3 4 5 6 7 8 9 10 11 | 11.3
Polearms       | 1 2 3 4 5 6 7 8 9 10 11 | 11.3
Staves         | 1 2 3 4 5 6 7 8 9 10 11 | 11.3
Slings         | 1 2 3 4 5 6 8 10 11 13 14 | 14.3
Bows           | 1 2 3 4 5 6 7 8 9 10 11 | 11.3
Crossbows      | 1 2 3 4 5 6 7 8 9 10 11 | 11.3
Throwing       | 1 2 3 4 5 6 7 8 9 10 11 | 11.3
Armour         | 1 2 3 4 5 6 7 8 9 10 11 | 11.3
Shields        | 1 2 3 4 5 6 7 8 9 10 11 | 11.3
Unarmed Combat | 1 2 3 4 5 6 7 8 9 10 11 | 11.3
Evocations     | 1 2 3 4 5 6 7 8 9 10 11 | 11.3
Conjurations   | 1 2 3 4 5 6 7 8 9 |  9.6
Hexes          | 1 2 3 4 5 6 7 8 9 |  9.6
Summonings     | 1 2 3 4 5 6 7 8 9 |  9.6
Necromancy     | 1 2 3 4 5 6 7 8 9 |  9.6
Translocations | 1 2 3 4 5 6 7 8 9 |  9.6
Transmutations | 1 2 3 4 5 6 7 8 9 |  9.6
Fire Magic     | 1 2 3 4 5 6 7 8 9 |  9.6
Air Magic      | 1 2 3 4 5 6 7 8 9 |  9.6
Earth Magic    | 1 2 3 4 5 6 7 8 9 |  9.6
Poison Magic   | 1 2 3 4 5 6 7 8 9 |  9.6
Dodging        | 5 6 7 8 9 10 11 12 | 12.2
Stealth        | 5 6 7 8 9 10 11 12 | 12.1
Ice Magic      | 8 9 10 11 | 11.9

Action                   |  1- 3 |  4- 6 |  7- 9 | 10-12 | 13-15 | 16-18 || total
-------------------------+-------+-------+-------+-------+-------+-------++-------
Melee: Spear             |    56 |   144 |   101 |       |    61 |   271 ||   633
       Bite              |     4 |    20 |    31 |    44 |   134 |    50 ||   283
       Long sword        |       |    77 |    74 |       |       |       ||   151
       Punch             |       |     1 |     7 |       |       |       ||     8
       Dagger            |       |       |    97 |   295 |   775 |   177 ||  1344
       Trident           |       |       |   100 |   229 |   307 |       ||   636
Throw: Boomerang         |       |       |       |       |       |    46 ||    46
       Javelin           |       |       |       |       |       |     6 ||     6
 Cast: Freeze            |    13 |       |       |       |     7 |       ||    20
       Frozen Ramparts   |       |     8 |    32 |    55 |    57 |    12 ||   164
       Ozocubu's Armour  |       |     4 |    20 |    37 |    33 |     6 ||   100
       Wereblood         |       |       |       |       |     8 |     3 ||    11
       Flame Wave        |       |       |       |       |       |    10 ||    10
       Manifold Assault  |       |       |       |       |       |    12 ||    12
Evoke: Wand              |       |       |     2 |     6 |     2 |       ||    10
       Lightning rod     |       |       |       |       |     1 |       ||     1
  Use: Scroll            |     1 |     1 |     5 |     4 |     8 |     8 ||    27
       Potion            |       |     1 |     2 |     3 |       |     1 ||     7
 Stab: Sleeping          |     6 |     6 |    13 |    16 |    20 |     7 ||    68
       Distracted        |       |       |     2 |     1 |     6 |     5 ||    14
       Paralysed         |       |       |     5 |    42 |    91 |    39 ||   177
       Petrified         |       |       |       |       |     3 |       ||     3
Armor: Robe              |    19 |   137 |   143 |   154 |   246 |   103 ||   802
Dodge: Dodged            |    29 |   204 |   281 |   309 |   489 |   205 ||  1517
Block: Buckler           |       |       |       |   130 |    87 |       ||   217
       Kite shield       |       |       |       |       |   110 |   237 ||   347

Table legend: (Time is in decaauts)
 A = Elapsed time spent in this place.
 B = Non-inter-level travel time spent in this place.
 C = Inter-level travel time spent in this place.
 D = Time resting spent in this place.
 E = Time spent auto-exploring this place.
 F = Levels seen in this place.
 G = Mean time per level.
                   A        B        C        D        E       F      G
               +--------+--------+--------+--------+--------+-----+--------+
         Total |  35703 |  33915 |   1788 |   2285 |  24630 |  31 | 1151.7 |
       Dungeon |  19541 |  18441 |   1100 |    127 |  15097 |  15 | 1302.7 |
        Temple |    242 |    176 |     66 |      0 |    169 |   1 |  242.0 |
          Lair |   7757 |   7428 |    329 |    709 |   5276 |   6 | 1292.8 |
        Shoals |   2502 |   2472 |     30 |    741 |   1346 |   2 | 1251.0 |
  Orcish Mines |   2009 |   1748 |    261 |      0 |   1189 |   2 | 1004.5 |
        Bazaar |    278 |    278 |      0 |      0 |    120 |   1 |  278.0 |
         Sewer |    546 |    546 |      0 |    247 |    224 |   1 |  546.0 |
        Bailey |    786 |    786 |      0 |     54 |    440 |   1 |  786.0 |
       Volcano |    515 |    515 |      0 |    169 |     96 |   1 |  515.0 |
      Gauntlet |   1523 |   1523 |      0 |    238 |    673 |   1 | 1523.0 |
               +--------+--------+--------+--------+--------+-----+--------+

Top non-repeatable levels by time:
  Lair:6: 2954 daAuts
Shoals:1: 2491 daAuts
     D:9: 2240 daAuts
     D:4: 2155 daAuts
    D:10: 1672 daAuts
     D:8: 1669 daAuts
Gauntlet: 1523 daAuts
     D:6: 1463 daAuts
    D:15: 1427 daAuts
    D:14: 1299 daAuts
  Lair:2: 1287 daAuts
     D:2: 1245 daAuts
  Lair:3: 1193 daAuts
   Orc:2: 1172 daAuts
     D:7: 1167 daAuts
